 Dungeon Crawl Stone Soup version 0.28.0-53-g5a82cb258f (webtiles) character file.

Game seed: 11682330072522518615

133 Zeld the Changer (level 4, 0/36 HPs)
             Began as a Draconian Transmuter on May 21, 2022.
             Slain by an ogre
             ... wielding a +0 giant spiked club
              (36 damage)
             ... on level 4 of the Dungeon.
             The game lasted 00:02:40 (3169 turns).

Zeld the Changer (Draconian Transmuter)             Turns: 3169, Time: 00:02:40

Health: 0/36       AC:  2    Str: 15    XL:     4   Next: 93%
Magic:  5/8        EV: 19    Int: 13    God:
Gold:   133        SH:  0    Dex: 16    Spells: 2/8 levels left

rFire   . . .      SeeInvis .     - Unarmed
rCold   . . .      Faith    .   (shield currently unavailable)
rNeg    . . .      Spirit   .   (armour unavailable)
rPois   .          Reflect  .   (helmet currently unavailable)
rElec   .          Harm     .   (cloak currently unavailable)
rCorr   .          Rampage  .   (gloves currently unavailable)
Will    .....                   (boots currently unavailable)
Stlth   +.........              (no amulet)
HPRegen 0.12/turn               m - ring of poison resistance
MPRegen 0.11/turn               (no ring)

@: spider-form (expiring)
A: venomous fangs, AC +5, tiny, unfitting armour, (cold-blooded)
a: End Transformation


You were on level 4 of the Dungeon.
You were a venomous arachnid creature.
You visited 1 branch of the dungeon, and saw 4 of its levels.

You collected 133 gold pieces.

Inventory:

Jewellery
 e - a ring of protection from cold
 m - a ring of poison resistance (left front leg)
Wands
 o - a wand of paralysis (8)
Scrolls
 a - a scroll of torment {unknown}
 b - a scroll of blinking {unknown}
 d - a scroll of identify {unknown}
 f - a scroll of fog {unknown}
 h - a scroll of noise {unknown}
 i - a scroll of fear {unknown}
 j - a scroll of immolation {unknown}
 l - a scroll of enchant armour {unknown}
Potions
 c - a potion of invisibility {unknown}
 g - a potion of lignification {unknown}
 k - a potion of flight {unknown}
 n - a potion of degeneration {unknown}


   Skills:
 + Level 2.2 Fighting
 + Level 2.2 Dodging
 - Level 3.0 Unarmed Combat
 * Level 2.9 Spellcasting
 * Level 3.2 Transmutations
 + Level 1.0 Ice Magic
 + Level 1.0 Poison Magic


You had 2 spell levels left.
You knew the following spells:

 Your Spells              Type           Power      Damage    Failure   Level
a - Beastly Appendage     Tmut           20%        N/A       17%         1
b - Wereblood             Tmut           10%        N/A       22%         2
c - Spider Form           Tmut/Pois      7%         N/A       50%         3

Your spell library contained the following spells:

 Spells                   Type           Power      Damage    Failure   Level
 Magic Dart               Conj           4%         1d3       45%         1
 Searing Ray              Conj           2%         2d4       56%         2
 Ice Form                 Ice/Tmut       7%         N/A       85%         4
 Fulminant Prism          Conj/Hex       0%         3d6       98%         4


Dungeon Overview and Level Annotations

Branches:
Dungeon (4/15)
 Temple: D:4-7

Altars:
Beogh

Shops:
D:1 =:   D:2 (

Annotations:
D:4 1 runed translucent door, Zeld's ghost, novice PaFi


Innate Abilities, Weirdness & Mutations

You are a venomous arachnid creature.
You have poisonous fangs.
You are tiny and dextrous.
Your spellcasting is less reliable in this form.
Your armour is entirely melded.
You are incapable of wielding weapons or throwing items.
((Your plain brown scales are hard. (AC +5)))
You cannot fit into any form of body armour.
((You are cold-blooded and may be slowed by cold attacks.))


Message History

You punch the rat, but do no damage.
The rat is severely wounded.
The rat barely misses you.
You hit the rat.
You kill the rat!
No target in view!
No target in view!
Your transformation is almost over.
Your horns disappear.
Your talons disappear.
You see here a rat corpse.
Done exploring.
Done exploring.
Done exploring.
Done exploring.
Things that are here:
a +0 dagger; a kobold skeleton
There is a stone staircase leading down here.
You climb downwards.
There is a stone staircase leading up here.
Okay, then.
You open the door.
There is an open door here.
Found a runed translucent door.
Zeld's ghost turns its malevolent gaze towards you.
Found 23 bolts.
o - a wand of paralysis (8)
An ogre comes into view. It is wielding a +0 giant spiked club.
The ogre shouts!
An ogre is nearby!
An ogre is nearby!
Casting: Beastly Appendage (safe; 6% risk of failure)
Confirm with . or Enter, or press ? or * to list all spells.
The spell is quite dangerous to miscast (28% risk of failure)!
Continue anyway?
You turn into a venomous arachnid creature.
You hit the ogre.
The ogre is poisoned.
The ogre is lightly wounded.
Your transformation is almost over.
The ogre hits you with a +0 giant spiked club!!!
Ouch! That really hurt!
You die...

+...#⌠.!♣?.⌠#....#
#...##.....##....#####
#...##...##..........
#...##W##...########
#...###.....(.# #..
#.............# #.#
#.............#
##.###........# #s#
#........#
#..O..##########
#.....# #.....#
#.....# #.....+
#.....# #.....#


You could see an ogre (very poisoned) and Zeld's ghost.

Vanquished Creatures
  A jelly (D:3)
  Terence (D:2)
  An adder (D:3)
  A dart slug (D:3)
  4 orcs
  4 bats
  5 endoplasms
  5 giant cockroaches
  6 goblins
  6 hobgoblins
  6 quokkas
  6 ball pythons
  A frilled lizard (D:2)
  4 kobolds
  9 rats
60 creatures vanquished.

Vanquished Creatures (others)
  A plant (D:1)
1 creature vanquished.

Grand Total: 61 creatures vanquished

Notes
Turn   | Place    | Note
-------+----------+-------------------------------------------
     0 | D:1      | Zeld the Draconian Transmuter began the quest for the Orb.
     0 | D:1      | Reached XP level 1. HP: 16/16 MP: 3/3
   210 | D:1      | Found Biumo's Book Shoppe.
   243 | D:1      | Reached XP level 2. HP: 10/23 MP: 3/5
   253 | D:1      | Learned a level 2 spell: Wereblood
   688 | D:1      | Found Quliud's Jewellery Emporium.
  1114 | D:2      | Reached XP level 3. HP: 28/28 MP: 4/6
  1121 | D:2      | Learned a level 3 spell: Spider Form
  1227 | D:2      | Noticed Terence
  1238 | D:2      | Killed Terence
  1525 | D:2      | Found Curer's Antique Weapon Emporium.
  1750 | D:2      | Found a faded altar of an unknown god.
  1950 | D:3      | Reached XP level 4. HP: 36/36 MP: 6/8
  2293 | D:3      | Reached skill level 1 in Ice Magic
  2293 | D:3      | Reached skill level 1 in Poison Magic
  3150 | D:4      | Found a runed translucent door.
  3150 | D:4      | Noticed Zeld's ghost (novice PaFi)
  3164 | D:4      | Noticed an ogre
  3169 | D:4      | Slain by an ogre

Illustrated notes

Levels and vault maps discovered:
D:1:      lightli_arrival_lavapool, layout_rooms, serial_shops, shop_statue,
          nicolae_shop_temple_entry_statues_fountains, serial_forest,
          infiniplex_forest_zigzag_2, infiniplex_forest_clump_small,
          infiniplex_forest_lined_4_way, infiniplex_forest_side_room,
          infiniplex_forest_corner_1, infiniplex_forest_clump_long,
          infiniplex_forest_corner_1, minmay_split_cup_large
D:2:      layout_loops_cross, serial_shops, nicolae_shop_hallway_plus,
          hellmonk_ecumenical_altar_defaced_shrine, uniq_terence
D:3:      minmay_diamond_boxcup, layout_loops_ring
D:4:      layout_basic, lemuel_mausoleum_altar_kikubaaqudgha, serial_curves,
          eino_curves_04, eino_curves_04, hellmonk_ghost_happy_afterlife

Skill      XL: |  1  2  3  4 |
---------------+-------------+-----
Dodging        | 2 |  2.2
Transmutations | 3 |  3.2
Fighting       | 2 |  2.2
Ice Magic      | 1 |  1.0
Poison Magic   | 1 |  1.0
Unarmed Combat | |  3.0
Spellcasting   | |  2.9

Action                   |  1- 3 |  4- 6 || total
-------------------------+-------+-------++-------
Melee: Unarmed           |    88 |    65 ||   153
       Kick              |    27 |    16 ||    43
       Tailslap          |     5 |     8 ||    13
       Headbutt          |     7 |    11 ||    18
       Punch             |     1 |     2 ||     3
 Cast: Beastly Appendage |    28 |    13 ||    41
       Spider Form       |     1 |     1 ||     2
 Stab: Sleeping          |     1 |     1 ||     2
Armor: Skin              |    47 |    16 ||    63
Dodge: Dodged            |    71 |    40 ||   111
